AoeStats
← Lord Indranov

Arena

510544241Analyzed
4v4 RM · 2d ago on Oct 1, 2026· 45m 47s· 8 players
Game mode
Random Map
Map size
Large (8 player)
Population
200
Speed
Normal
Resources
Standard
Victory
Conquest
Starting age
Dark Age
Ending age
Imperial Age
RankedLock teamsTeams togetherTeam positionsShared explorationLock speedFull tech treeHidden civsTurbo modeCheats
Victory
Defeat
🇮🇩 Varangians · Indonesia
805
+13
🇦🇷 Khmer · Argentina
802
+13
🇮🇩 Persians · Indonesia
730
+16
🇮🇩 Aztecs · Indonesia
639
+21
🇻🇳 Byzantines · Vietnam
792
-18
🇸🇪 Vietnamese · Sweden
787
-18
🇫🇮 Bulgarians · Finland
694
-14
🇨🇳 Turks · China
683
-13
migu
2:12 Loom
10:40 Feudal Age
11:11 Double-Bit Axe
11:26 Horse Collar
17:27 Castle Age
17:03 Gold Mining
17:51 Wheelbarrow
18:25 Bow Saw
18:17 Heavy Plow
18:23 Stone Mining
22:15 Fletching
23:39 Bodkin Arrow
24:12 Ballistics
25:10 Bodkin Arrow
Marw
6:17 Loom
10:33 Feudal Age
16:56 Castle Age
15:24 Horse Collar
15:46 Double-Bit Axe
16:49 Gold Mining
17:31 Fletching
17:42 Padded Archer Armor
20:20 Bow Saw
22:26 Heavy Plow
24:37 Stone Mining
26:56 Wheelbarrow
26:06 Town Watch
27:03 Bodkin Arrow
27:43 Leather Archer Armor
28:34 Stone Shaft Mining
28:27 Hand Cart
28:49 Thumb Ring
29:48 Scale Mail Armor
29:58 Forging
31:39 Iron Casting
32:24 Ballistics
31:49 Treadmill Crane
32:32 Masonry
38:02 Imperial Age
35:39 Murder Holes
35:51 Squires
35:24 Pikeman
37:10 Arson
37:22 Elite Skirmisher
38:42 Chain Mail Armor
39:51 Crop Rotation
39:59 Hoardings
40:41 Scale Barding Armor
eppas123
0:36 Loom
11:15 Feudal Age
11:42 Double-Bit Axe
11:40 Horse Collar
11:57 Gold Mining
13:46 Wheelbarrow
14:01 Stone Mining
21:31 Castle Age
22:40 Bow Saw
23:14 Heavy Plow
29:27 Imperial Age
31:19 Two-Man Saw
31:09 Caravan
31:40 Coinage
31:20 Guilds
32:47 Scale Barding Armor
32:53 Forging
34:06 Elite Cataphract
36:33 Chain Barding Armor
36:14 Scale Mail Armor
36:50 Iron Casting
37:46 Banking
38:08 Greek Fire
38:19 Logistica
AK
0:34 Loom
13:12 Feudal Age
14:29 Wheelbarrow
13:46 Double-Bit Axe
13:56 Horse Collar
20:15 Gold Mining
20:17 Stone Mining
27:35 Castle Age
27:51 Padded Archer Armor
28:36 Leather Archer Armor
28:39 Hand Cart
29:26 Gold Shaft Mining
29:05 Bow Saw
28:57 Heavy Plow
31:20 Caravan
36:11 Ballistics
35:33 Treadmill Crane
36:05 Fortified Wall
45:13 Town Watch
+62 | Farhan
11:57 Feudal Age
13:30 Double-Bit Axe
13:27 Horse Collar
18:08 Castle Age
17:13 Stone Mining
26:07 Forging
26:40 Heavy Plow
28:43 Wheelbarrow
28:24 Bow Saw
28:31 Gold Mining
30:03 Scale Barding Armor
32:56 Imperial Age
31:04 Hand Cart
30:38 Town Watch
30:52 Vendel Legacy
32:18 Iron Casting
33:14 Chain Barding Armor
33:35 Husbandry
33:58 Elite Jarl
35:47 Blast Furnace
35:27 Plate Barding Armor
34:53 Gothikon
37:01 Conscription
37:03 Bloodlines
36:14 Light Cavalry
37:29 Fortified Wall
37:15 Murder Holes
37:44 Ballistics
38:25 Chemistry
37:40 Hussar
Melosito
11:11 Feudal Age
16:00 Double-Bit Axe
19:48 Castle Age
20:06 Fletching
20:22 Scale Barding Armor
20:52 Bodkin Arrow
26:30 Wheelbarrow
27:03 Gold Mining
29:39 Caravan
32:00 Chain Barding Armor
32:03 Ballistics
32:42 Horse Collar
32:51 Town Watch
36:17 Imperial Age
35:07 Gold Shaft Mining
35:47 Heavy Plow
36:11 Tusk Swords
36:54 Stone Mining
37:32 Hand Cart
37:45 Bow Saw
38:08 Crop Rotation
39:11 Chemistry
39:16 Husbandry
39:27 Bloodlines
39:20 Bracer
39:56 Plate Barding Armor
39:33 Town Patrol
39:57 Elite Ballista Elephant
41:31 Double Crossbow
43:30 Conscription
44:26 Stone Shaft Mining
Ermour
9:54 Feudal Age
11:28 Double-Bit Axe
16:53 Castle Age
15:39 Loom
17:53 Horse Collar
18:27 Bow Saw
19:32 Wheelbarrow
18:45 Town Watch
26:19 Stone Mining
27:01 Town Patrol
32:36 Imperial Age
30:31 Hand Cart
30:37 Devotion
32:24 Kamandaran
32:47 Gold Mining
33:32 Stone Shaft Mining
33:04 Caravan
33:35 Coinage
33:15 Guilds
33:38 Heavy Plow
34:31 Conscription
35:22 Chemistry
34:42 Ballistics
35:35 Faith
35:13 Elite War Elephant
35:24 Sappers
37:28 Hoardings
37:04 Citadels
Lord Indranov
13:39 Feudal Age
15:47 Loom
19:23 Horse Collar
19:32 Double-Bit Axe
22:29 Castle Age
21:37 Gold Mining
21:39 Stone Mining
25:14 Heavy Plow
26:21 Bow Saw
26:22 Arson
25:58 Eagle Warrior
28:32 Caravan
29:40 Forging
29:30 Scale Mail Armor
33:26 Fortified Wall
33:00 Treadmill Crane
37:23 Imperial Age
37:36 Heated Shot
38:07 Ballistics
39:18 Wheelbarrow
38:22 Elite Jaguar Warrior
39:23 Conscription
38:39 Capped Ram
40:51 Garland Wars
41:25 Coinage
42:51 Gold Shaft Mining
42:51 Stone Shaft Mining
42:45 Hand Cart
44:59 Chain Mail Armor
45:05 Siege Ram
47:20 Chemistry
46:06 Arrowslits
Connection lost

Rejoining the realm…

Still unreachable

The connection could not be restored.

Session expired

The server has moved on; the page needs a fresh start.